 Dungeon Crawl Stone Soup version 0.30-a0-859-gf88a04b62d (webtiles) character file.

Game seed: 4666243898089912321

715 ryw the Thrower (level 7, -4/84 HPs)
             Began as a Gnoll Wanderer on Mar 6, 2023.
             Slain by a killer bee (5 damage)
             ... on level 5 of the Dungeon on Mar 7, 2023.
             The game lasted 00:10:40 (4810 turns).

ryw the Thrower (Gnoll Wanderer)                    Turns: 4810, Time: 00:10:41

Health: -4/84      AC: 23    Str: 15    XL:     7   Next: 69%
Magic:  0/13       EV:  2    Int: 12    God:
Gold:   121        SH:  0    Dex:  9    Spells: 8/14 levels left

rFire   . . .      SeeInvis .    f - +3 quarterstaff (chaos)
rCold   . . .      Faith    .    (shield currently unavailable)
rNeg    . . .      Spirit   .    v - melded +2 leather armour "Fikear" {rElec Dex+4}
rPois   +          Reflect  .    (helmet currently unavailable)
rElec   .          Rampage  .    c - melded +0 cloak {rPois}
rCorr   .          NoTele   +    (gloves currently unavailable)
Will    .....                    (boots currently unavailable)
Stlth   ++                       (no amulet)
HPRegen 0.34/turn                y - ring of poison resistance
MPRegen 0.13/turn                (no ring)

@: brilliant, tree-form, very slightly contaminated
A: stationary, stasis, torment immunity, boosted hp, (fangs 1), strong nose,
distributed training, (deformed body), robust 1, (cold vulnerability 1)
a: no special abilities


You were on level 5 of the Dungeon.
You were a tree.
You visited 1 branch of the dungeon, and saw 5 of its levels.

You collected 303 gold pieces.
You spent 182 gold pieces at shops.

Inventory:

Hand Weapons
 a - a +0 mace
 f - a +3 quarterstaff of chaos (weapon)
Missiles
 b - 2 boomerangs (quivered)
 e - 13 poisoned darts
 h - 37 stones
Armour
 c - a +0 cloak of poison resistance (melded)
 v - the +2 leather armour "Fikear" (melded) {rElec Dex+4}
   (You bought it in a shop on level 3 of the Dungeon)

   Dex:       It affects your dexterity (+4).
   rElec:     It insulates you from electricity.
Jewellery
 p - a ring of see invisible
 u - a ring of resist corrosion
 y - a ring of poison resistance (left branch)
Wands
 w - a wand of iceblast (15)
Scrolls
 g - a scroll of fear {unknown}
 i - 6 scrolls of identify {unknown}
 j - a scroll of amnesia {unknown}
 m - a scroll of fog {unknown}
 n - 2 scrolls of noise {unknown}
 r - 3 scrolls of teleportation {unknown}
 s - a scroll of magic mapping {unknown}
 x - a scroll of vulnerability {unknown}
 z - a scroll of enchant armour {unknown}
 B - a scroll of acquirement {unknown}
Potions
 d - a potion of attraction
 k - a potion of degeneration
 l - a potion of brilliance
 t - a potion of haste


   Skills:
 + Level 2.7 Fighting
 + Level 2.7 Short Blades
 + Level 2.7 Long Blades
 + Level 2.7 Axes
 + Level 3.8 Maces & Flails
 + Level 2.7 Polearms
 + Level 2.7 Staves
 + Level 2.7 Ranged Weapons
 + Level 9.0 Throwing
 + Level 2.7 Armour
 + Level 2.7 Dodging
 + Level 2.7 Stealth
 + Level 2.7 Shields
 + Level 2.7 Unarmed Combat
 + Level 4.0 Spellcasting
 + Level 2.2 Conjurations
 + Level 2.2 Hexes
 + Level 2.2 Summonings
 + Level 2.2 Necromancy
 + Level 2.2 Translocations
 + Level 2.2 Transmutations
 + Level 2.2 Fire Magic
 + Level 2.2 Ice Magic
 + Level 2.2 Air Magic
 + Level 5.9 Earth Magic
 + Level 2.2 Poison Magic
 + Level 3.0 Invocations
 + Level 3.8 Evocations


You had 8 spell levels left.
You knew the following spells:

 Your Spells              Type           Power      Damage    Failure   Level
a - Sandblast             Erth           50%        2d12      1%          1
b - Stone Arrow           Conj/Erth      36%        3d9       12%         3
c - Passwall              Tmut/Erth      15%        N/A       6%          2

Your spell library contained the following spells:

 Spells                   Type           Power      Damage    Failure   Level
 Beastly Appendage        Tmut           22%        N/A       9%          1
 Cigotuvi's Dreadful Rot  Necr/Pois/Air  22%        N/A       13%         2
 Poisonous Vapours        Pois/Air       22%        N/A       13%         2
 Wereblood                Tmut           11%        N/A       13%         2
 Mephitic Cloud           Conj/Pois/Air  11%        N/A       26%         3
 Spider Form              Tmut/Pois      11%        N/A       26%         3
 Animate Armour           Summ/Erth      36%        N/A       38%         4
 Blade Hands              Tmut           5%         N/A       94%         5
 Irradiate                Conj/Tmut      5%         3d13      94%         5
 Dragon Form              Tmut           5%         N/A       100%        7


Dungeon Overview and Level Annotations

Branches:
Dungeon (5/15)
 Temple: D:4-7

Altars:
Nemelex Xobeh

Shops:
D:3 [


Innate Abilities, Weirdness & Mutations

You are a tree.
Your roots penetrate the ground, keeping you stationary.
You cannot be teleported.
You are immune to unholy pain and torment.
Your maximum health is greatly increased.
Your equipment is partially melded.
((You have very sharp teeth.))
Your uncanny sense of smell can sniff out nearby items.
Your experience applies equally to all skills.
((Armour fits poorly on your strangely shaped body.))
You are robust. (+10% HP)
((You are vulnerable to cold. (rC-)))


Message History

You are no longer poisoned.
The killer bee stings you but does no damage. x2
Casting: Stone Arrow (dangerous; 13% risk of failure)
Confirm with . or Enter, or press ? or * to list all spells.
Aiming: Stone Arrow (dangerous; 13% risk of failure)
Press: ? - help, Shift-Dir - straight line, f/p - killer bee
Aim: a killer bee (severely wounded, 39% to hit)
You feel a surge of power!
The stone arrow hits the killer bee!!
You kill the killer bee!
The killer bee stings you but does no damage.
Your Spellcasting skill increases to level 4!
Casting: Stone Arrow (dangerous; 12% risk of failure)
Confirm with . or Enter, or press ? or * to list all spells.
Aiming: Stone Arrow (dangerous; 12% risk of failure)
Press: ? - help, Shift-Dir - straight line, f/p - killer bee
Aim: a killer bee (severely wounded, 39% to hit)
You feel a surge of power!
The stone arrow misses the killer bee. x2
The killer bee stings you.
* * * LOW HITPOINT WARNING * * *
The killer bee stings you but does no damage.
Casting: Stone Arrow (dangerous; 12% risk of failure)
Confirm with . or Enter, or press ? or * to list all spells.
Aiming: Stone Arrow (dangerous; 12% risk of failure)
Press: ? - help, Shift-Dir - straight line, f/p - killer bee
Aim: a killer bee (severely wounded, 39% to hit)
You feel a surge of power!
You miscast Stone Arrow.
Nothing appears to happen.
The killer bee stings you!
* * * LOW HITPOINT WARNING * * *
The killer bee stings you.
* * * LOW HITPOINT WARNING * * *
Okay, then.
Casting: Stone Arrow (dangerous; 12% risk of failure)
Confirm with . or Enter, or press ? or * to list all spells.
Aiming: Stone Arrow (dangerous; 12% risk of failure)
Press: ? - help, Shift-Dir - straight line, f/p - killer bee
Aim: a killer bee (severely wounded, 39% to hit)
You feel a surge of power!
The stone arrow hits the killer bee!
The killer bee is almost dead.
The killer bee stings you.
You die...

∆ .....# .....# .....
#. ###)... #.##
#!...##.## ##.#.
#..†..#..# #....
###y.......# #....
#♣yy.......# #....
####........#+#....
#####.#................
#......................
......................#
.......................
>..#..##..#............
..................#...
...................#...


You could see 3 killer bees.

Vanquished Creatures
  A water moccasin (D:5)
  A phantom (D:5)
  A killer bee (D:5)
  2 hounds
  A gnoll bouda (D:5)
  A jelly (D:4)
  An iguana (D:4)
  Crazy Yiuf (D:2)
  A sleepcap (D:5)
  5 gnolls
  5 adders
  2 worms
  9 orcs
  8 ball pythons
  4 bats
  4 endoplasms
  5 giant cockroaches
  11 goblins
  7 hobgoblins
  4 jackals
  6 kobolds
  A quokka (D:4)
  2 frilled lizards (D:1)
  6 rats
89 creatures vanquished.

Vanquished Creatures (others)
  3 demonic plants (D:1)
  4 fungi (D:1)
  3 plants (D:1)
  A withered plant (D:1)
11 creatures vanquished.

Grand Total: 100 creatures vanquished

Notes
Turn   | Place    | Note
-------+----------+-------------------------------------------
     0 | D:1      | ryw the Gnoll Wanderer began the quest for the Orb.
     0 | D:1      | ryw set off with the following items: a +0 mace, 7
                  | boomerangs, a +0 dagger, a potion of attraction, a +0
                  | leather armour; and the following spell memorised:
                  | Sandblast; and the following spells available to memorise:
                  | Passwall, Animate Armour.
     0 | D:1      | Reached XP level 1. HP: 13/13 MP: 4/4
   162 | D:1      | Reached XP level 2. HP: 20/20 MP: 5/5
   523 | D:1      | Reached XP level 3. HP: 25/25 MP: 7/7
   655 | D:1      | Learned a level 3 spell: Stone Arrow
   658 | D:1      | Learned a level 2 spell: Passwall
   687 | D:1      | Found a faded altar of an unknown god.
   764 | D:1      | Reached skill level 1 in Invocations
   764 | D:1      | You fall into a shaft and drop 1 floor!
  1038 | D:1      | Reached skill level 1 in Fighting
  1038 | D:1      | Reached skill level 1 in Short Blades
  1038 | D:1      | Reached skill level 1 in Long Blades
  1038 | D:1      | Reached skill level 1 in Axes
  1038 | D:1      | Reached skill level 1 in Polearms
  1038 | D:1      | Reached skill level 1 in Staves
  1038 | D:1      | Reached skill level 1 in Ranged Weapons
  1038 | D:1      | Reached skill level 1 in Armour
  1038 | D:1      | Reached skill level 1 in Dodging
  1038 | D:1      | Reached skill level 1 in Stealth
  1038 | D:1      | Reached skill level 1 in Shields
  1038 | D:1      | Reached skill level 1 in Unarmed Combat
  1182 | D:2      | Found Jeloasag's Distillery.
  1242 | D:2      | Found a runed translucent door.
  1243 | D:2      | Noticed Crazy Yiuf
  1368 | D:2      | Killed Crazy Yiuf
  1369 | D:2      | Reached XP level 4. HP: 23/32 MP: 8/8
  1864 | D:2      | Reached skill level 1 in Conjurations
  1864 | D:2      | Reached skill level 1 in Hexes
  1864 | D:2      | Reached skill level 1 in Summonings
  1864 | D:2      | Reached skill level 1 in Necromancy
  1864 | D:2      | Reached skill level 1 in Translocations
  1864 | D:2      | Reached skill level 1 in Transmutations
  1864 | D:2      | Reached skill level 1 in Fire Magic
  1864 | D:2      | Reached skill level 1 in Ice Magic
  1864 | D:2      | Reached skill level 1 in Air Magic
  1864 | D:2      | Reached skill level 1 in Poison Magic
  2462 | D:3      | Found Poezer's Antique Armour Boutique.
  3490 | D:3      | Bought a glimmering leather armour for 182 gold pieces
  3490 | D:3      | Identified the +2 leather armour "Fikear" {rElec Dex+4}
                  | (You bought it in a shop on level 3 of the Dungeon)
  3549 | D:3      | Reached XP level 5. HP: 30/37 MP: 9/9
  3912 | D:4      | Found a sparkling altar of Nemelex Xobeh.
  4014 | D:4      | Reached XP level 6. HP: 17/44 MP: 9/11
  4353 | D:5      | Entered Level 5 of the Dungeon
  4565 | D:5      | Noticed a water moccasin
  4569 | D:5      | Banished a water moccasin
  4626 | D:5      | Noticed a water moccasin
  4637 | D:5      | Killed a water moccasin
  4638 | D:5      | Reached XP level 7. HP: 32/51 MP: 12/12
  4771 | D:5      | Reached skill level 9 in Throwing
  4800 | D:5      | Gained mutation: Armour fits poorly on your strangely
                  | shaped body. [potion of mutation]
  4800 | D:5      | Gained mutation: You are robust. (+10% HP) [potion of
                  | mutation]
  4800 | D:5      | Gained mutation: You are vulnerable to cold. (rC-) [potion
                  | of mutation]
  4809 | D:5      | HP: 1/84 [killer bee (4)]
  4810 | D:5      | Slain by a killer bee

Illustrated notes

Levels and vault maps discovered:
D:1:      minmay_arrival_three_doors, layout_basic, shapermc_ecumenical_altar_gd
D:2:      layout_basic, serial_shops, nicolae_square_shop, st_stairs_4,
          uniq_crazy_yiuf_cottage
D:3:      layout_rooms, serial_shops, nicolae_shop_hallway_stairs,
          kennysheep_donut, nicolae_eternal_life, st_stairs_10,
          dk_noncrumbling_4, minivault_23
D:4:      layout_rooms, nemelex_altar_shiori
D:5:      layout_cave_pools, mainiacjoe_overflow_surrounded_room

Skill      XL: |  1  2  3  4  5  6  7 |
---------------+----------------------+-----
Invocations    | 1 2 3 |  3.0
Fighting       | 1 2 |  2.7
Short Blades   | 1 2 |  2.7
Long Blades    | 1 2 |  2.7
Axes           | 1 2 |  2.7
Polearms       | 1 2 |  2.7
Staves         | 1 2 |  2.7
Ranged Weapons | 1 2 |  2.7
Armour         | 1 2 |  2.7
Dodging        | 1 2 |  2.7
Stealth        | 1 2 |  2.7
Shields        | 1 2 |  2.7
Unarmed Combat | 1 2 |  2.7
Spellcasting   | 3 4 |  4.0
Conjurations   | 1 2 |  2.2
Hexes          | 1 2 |  2.2
Summonings     | 1 2 |  2.2
Necromancy     | 1 2 |  2.2
Translocations | 1 2 |  2.2
Transmutations | 1 2 |  2.2
Fire Magic     | 1 2 |  2.2
Ice Magic      | 1 2 |  2.2
Air Magic      | 1 2 |  2.2
Poison Magic   | 1 2 |  2.2
Maces & Flails | 3 |  3.8
Evocations     | 3 |  3.8
Throwing       | 9 |  9.0
Earth Magic    | |  5.9

Action                     |  1- 3 |  4- 6 |  7- 9 || total
---------------------------+-------+-------+-------++-------
  Melee: Mace              |    84 |       |       ||    84
         Bite              |     3 |     9 |       ||    12
         Punch             |     1 |       |       ||     1
         Quarterstaff      |       |   144 |     5 ||   149
  Throw: Boomerang         |    31 |     7 |    27 ||    65
   Cast: Stone Arrow       |       |       |     4 ||     4
    Use: Potion            |     3 |     2 |     4 ||     9
   Stab: Sleeping          |       |     1 |       ||     1
 Armour: Leather armour    |    40 |    50 |     3 ||    93
         Skin              |       |       |     9 ||     9
  Dodge: Dodged            |    75 |   113 |    17 ||   205

Table legend: (Time is in decaauts)
 A = Elapsed time spent in this place.
 B = Non-inter-level travel time spent in this place.
 C = Inter-level travel time spent in this place.
 D = Time resting spent in this place.
 E = Time spent auto-exploring this place.
 F = Levels seen in this place.
 G = Mean time per level.
                   A        B        C        D        E       F      G
               +--------+--------+--------+--------+--------+-----+--------+
         Total |   4839 |   4711 |    128 |    997 |   2848 |   5 |  967.8 |
       Dungeon |   4839 |   4711 |    128 |    997 |   2848 |   5 |  967.8 |
               +--------+--------+--------+--------+--------+-----+--------+

Top non-repeatable levels by time:
     D:2: 1344 daAuts
     D:3: 1179 daAuts
     D:1: 1079 daAuts
     D:4: 778 daAuts
     D:5: 458 daAuts
